 Dungeon Crawl Stone Soup version 0.28-a0-384-g9e0c098162 (webtiles) character file.

Game seed: 7382259192788394213

12 frimble the Chopper (level 2, 0/22 HPs)
             Began as a Demonspawn Gladiator on Sept 3, 2021.
             Slain by Terence (4 damage)
             ... on level 2 of the Dungeon.
             The game lasted 00:00:38 (870 turns).

frimble the Chopper (Demonspawn Gladiator)           Turns: 870, Time: 00:00:39

Health: 0/22       AC:  4    Str: 14    XL:     2   Next: 20%
Magic:  2/2        EV: 12    Int:  9    God:
Gold:   63         SH:  0    Dex: 14    Spells: 1/1 levels left

rFire   . . .      SeeInvis .   h - +0 hand axe
rCold   . . .      Faith    .   (no shield)
rNeg    . . .      Spirit   .   b - +0 leather armour
rPois   +          Reflect  .   c - +0 helmet
rElec   .          Harm     .   (no cloak)
rCorr   .          Rampage  .   (no gloves)
Will    .....                   (no boots)
Stlth   +.........              (no amulet)
HPRegen 0.07/turn               g - ring of poison resistance
MPRegen 0.08/turn               (no ring)

@: no status effects
A: hooves 1
a: no special abilities


You were on level 2 of the Dungeon.
You visited 1 branch of the dungeon, and saw 2 of its levels.

You collected 63 gold pieces.

Inventory:

Hand Weapons
 a - a +0 war axe
 h - a +0 hand axe (weapon)
Missiles
 d - a throwing net (quivered)
Armour
 b - a +0 leather armour (worn)
 c - a +0 helmet (worn)
Jewellery
 g - a ring of poison resistance (left hand)
Potions
 f - a potion of might {unknown}


   Skills:
 - Level 2.0 Fighting
 + Level 3.3 Axes
 - Level 1.7 Throwing
 - Level 2.6 Dodging


You had one spell level left.
You didn't know any spells.
Your spell library was empty.

Dungeon Overview and Level Annotations

Branches:
Dungeon (2/15)

Altars:

Annotations:
D:2 Terence


Innate Abilities, Weirdness & Mutations

You have large cloven feet.


Message History

Terence hits you with a +0 falchion.
You hit Terence but do no damage.
Terence is lightly wounded.
Terence says, "How do you enjoy it?" Terence misses you.
Terence hits you with a +0 falchion.
You are too injured to fight recklessly!
You are too injured to fight recklessly!
You are too injured to fight recklessly!
You are too injured to fight recklessly!
You are too injured to fight recklessly!
You are too injured to fight recklessly!
Throw: 2 throwing nets
Press: ? - help, Q - select action Shift-Dir - straight line, f/p - Terence
Aim: Terence, wielding a +0 falchion and wearing a +0 ring mail (lightly wounded, 63% to hit)
You throw a throwing net. The throwing net hits Terence.
Terence is caught in the net!
Terence is lightly wounded.
Terence struggles against the net.
You hit Terence.
Terence is moderately wounded.
Terence struggles against the net.
You hit Terence. You kick Terence, but do no damage.
Terence is moderately wounded.
Terence struggles against the net.
You hit Terence but do no damage. You kick Terence.
Terence is heavily wounded.
Terence struggles against the net.
You hit Terence. You kick Terence, but do no damage.
Terence is heavily wounded.
Terence struggles against the net.
The net rips apart, and Terence comes free!
You barely miss Terence. You kick Terence, but do no damage.
Terence is heavily wounded.
Terence hits you with a +0 falchion.
You barely miss Terence. Your kick misses Terence.
Terence is heavily wounded.
Terence hits you with a +0 falchion.
* * * LOW HITPOINT WARNING * * *
Terence hits you with a +0 falchion.
You die...

........#
.......#
......#
.....# ....#
... #@#
###@#####
#..<....#
............#
............#
............#
............#
............+
#####.......#
#.......#


You could see Terence.

Vanquished Creatures
  An endoplasm (D:1)
  A goblin (D:1)
  4 jackals (D:1)
  A kobold (D:1)
  A ball python (D:1)
  2 frilled lizards (D:1)
  A rat (D:1)
11 creatures vanquished.

Notes
Turn   | Place    | Note
-------+----------+-------------------------------------------
     0 | D:1      | frimble the Demonspawn Gladiator began the quest for the
                  | Orb.
     0 | D:1      | Reached XP level 1. HP: 16/16 MP: 1/1
   326 | D:1      | Reached skill level 3 in Axes
   398 | D:1      | Gained mutation: You have large cloven feet. [demonic
                  | ancestry]
   398 | D:1      | Reached XP level 2. HP: 14/22 MP: 2/2
   847 | D:2      | Noticed Terence
   870 | D:2      | Slain by Terence

Illustrated notes

Levels and vault maps discovered:
D:1:      grunt_arrival_crossed_arrows, layout_loops_cross
D:2:      layout_basic, hellmonk_ecumenical_altar_inner_sanctum, serial_shops,
          shop, uniq_natasha, uniq_terence, uniq_jessica

Skill      XL: |  1 |
---------------+----+-----
Axes           | 3 |  3.3
Fighting       | |  2.0
Throwing       | |  1.7
Dodging        | |  2.6

Action                   || total
-------------------------++-------
Melee: War axe           ||    37
       Hand axe          ||    15
       Kick              ||     7
Throw: Throwing net      ||     2
  Use: Scroll            ||     1
 Stab: Held in net/web   ||     1
Armor: Leather armour    ||    16
Dodge: Dodged            ||    29

Table legend: (Time is in decaauts)
 A = Elapsed time spent in this place.
 B = Non-inter-level travel time spent in this place.
 C = Inter-level travel time spent in this place.
 D = Time resting spent in this place.
 E = Time spent auto-exploring this place.
 F = Levels seen in this place.
 G = Mean time per level.
                   A        B        C        D        E       F      G
               +--------+--------+--------+--------+--------+-----+--------+
         Total |    883 |    825 |     58 |      0 |    709 |   2 |  441.5 |
       Dungeon |    883 |    825 |     58 |      0 |    709 |   2 |  441.5 |
               +--------+--------+--------+--------+--------+-----+--------+

Top non-repeatable levels by time:
     D:1: 858 daAuts
     D:2: 25 daAuts
